 Dungeon Crawl Stone Soup version 0.30.0-29-ga12c61a403 (webtiles) character file.

Game seed: 1991693716340732571

51 Janerl the Chiller (level 3, 0/24 HPs)
             Began as a Merfolk Ice Elementalist on June 10, 2023.
             Succumbed to Crazy Yiuf's poison
             ... on level 2 of the Dungeon.
             The game lasted 00:06:09 (975 turns).

Janerl the Chiller (Merfolk Ice Elementalist)        Turns: 975, Time: 00:06:10

Health: 0/24       AC:  3    Str: 10    XL:     3   Next: 83%
Magic:  2/7        EV: 12    Int: 14    God:
Gold:   73         SH:  5    Dex: 14    Spells: 6/7 levels left

rFire   . . .        d - +2 short sword (speed)
rCold   . . .        (no shield)
rNeg    . . .        a - +0 robe
rPois   .            (no helmet)
rElec   .            (no cloak)
rCorr   .            (no gloves)
SInv    .            f - +0 pair of boots
Will    .....        j - amulet of reflection
Stlth   ++           (no ring)
HPRegen 0.24/turn    (no ring)
MPRegen 0.10/turn

%: reflection
@: lethally poisoned (0 -> -20)
A: (nimble swimmer 2), mertail
a: no special abilities


You were on level 2 of the Dungeon.
You visited 1 branch of the dungeon, and saw 2 of its levels.

You collected 73 gold pieces.

Inventory:

Hand Weapons
 d - a +2 short sword of speed (weapon)
Missiles
 i - 5 poisoned darts
Armour
 a - a +0 robe (worn)
 f - a +0 pair of boots (worn)
Jewellery
 j - an amulet of reflection (around neck)
Scrolls
 c - 4 scrolls of identify {unknown}
 g - a scroll of torment {unknown}
 h - a scroll of vulnerability {unknown}
 k - 2 scrolls of noise {unknown}
Potions
 b - a potion of magic


   Skills:
 + Level 0.2 Short Blades
 + Level 2.8 Dodging
 + Level 2.5 Stealth
 + Level 2.8 Spellcasting
 + Level 5.0 Ice Magic


You had 6 spell levels left.
You knew the following spells:

 Your Spells              Type           Power      Damage    Failure   Level
a - Freeze                Ice            64%        1d7       2%          1

Your spell library contained the following spells:

 Spells                   Type           Power      Damage    Failure   Level
 Frozen Ramparts          Ice            32%        1d5       9%          3
 Ozocubu's Armour         Ice            16%        N/A       9%          3
 Hailstorm                Conj/Ice       9%         3d4       22%         3
 Ice Form                 Ice/Tmut       9%         N/A       58%         4
 Summon Ice Beast         Ice/Summ       9%         N/A       58%         4
 Simulacrum               Ice/Necr       4%         N/A       100%        6


Dungeon Overview and Level Annotations

Branches:
Dungeon (2/15)

Altars:
Vehumet


Innate Abilities, Weirdness & Mutations

((You are very nimble when in or above water. (Stealth+, EV+, Speed+++)))
Your lower body shifts to a powerful aquatic tail in water.


Message History

Aim: Crazy Yiuf, wielding a +3 quarterstaff of chaos and wearing a +0 cloak You freeze Crazy Yiuf!
Crazy Yiuf is moderately wounded.
You feel very sick.
Crazy Yiuf laughs, "Two!"
Crazy Yiuf hits you with a +3 quarterstaff of chaos.
Crazy Yiuf burns you.
Casting: Freeze (safe; 3% risk of failure)
Confirm with . or Enter, or press ? or * to list all spells.
Aiming: Freeze (safe; 3% risk of failure)
Press: ? - help, Shift-Dir - straight line, f/p - Crazy Yiuf
Aim: Crazy Yiuf, wielding a +3 quarterstaff of chaos and wearing a +0 cloak (moderately wounded)
You freeze Crazy Yiuf.
Crazy Yiuf is severely wounded.
* * * LOW HITPOINT WARNING * * *
You feel sick. Crazy Yiuf closely misses you.
It was a potion of heal wounds.
You feel much better.
You feel sick. You block Crazy Yiuf's attack.
Casting: Freeze (safe; 3% risk of failure)
Confirm with . or Enter, or press ? or * to list all spells.
Aiming: Freeze (safe; 3% risk of failure)
Press: ? - help, Shift-Dir - straight line, f/p - Crazy Yiuf
Aim: Crazy Yiuf, wielding a +3 quarterstaff of chaos and wearing a +0 cloak (severely wounded)
You freeze Crazy Yiuf.
Crazy Yiuf is almost dead.
You feel sick.
Crazy Yiuf hits you with a +3 quarterstaff of chaos!
Ouch! That really hurt!
You are lethally poisoned!
Casting: Freeze (safe; 3% risk of failure)
Confirm with . or Enter, or press ? or * to list all spells.
Aiming: Freeze (safe; 3% risk of failure)
Press: ? - help, Shift-Dir - straight line, f/p - Crazy Yiuf
Aim: Crazy Yiuf, wielding a +3 quarterstaff of chaos and wearing a +0 cloak (almost dead)
You freeze Crazy Yiuf.
You kill Crazy Yiuf!
* * * LOW HITPOINT WARNING * * *
You feel very sick.
Your Ice Magic skill increases to level 5!
It was a potion of cancellation.
You feel magically purged.
You die...

...# #.###.#. .#
#####..#### ###
##.....##. ..
##....[.. #..##..# .
#.# ##........
#.###### ## #.........
#####.# #.........
#.....####♣♣♣♣♣
#.........
......##.#..♣.♣♣♣ ###
#.........
......#......♣..♣#...#
#.....##..
............♣♣♣♣@)...#
###.######
#######..#.♣♣ ♣♣#..)#
### ####♣♣ ###


There were no monsters in sight!

Vanquished Creatures
  Crazy Yiuf (D:2)
  2 bats (D:1)
  2 endoplasms (D:1)
  A giant cockroach (D:1)
  2 goblins
  4 hobgoblins
  A quokka (D:2)
  2 ball pythons (D:1)
  2 frilled lizards (D:1)
  4 kobolds
  A rat (D:2)
22 creatures vanquished.

Notes
Turn   | Place    | Note
-------+----------+-------------------------------------------
     0 | D:1      | Janerl the Merfolk Ice Elementalist began the quest for the
                  | Orb.
     0 | D:1      | Reached XP level 1. HP: 13/13 MP: 3/3
   163 | D:1      | Reached XP level 2. HP: 19/19 MP: 3/5
   807 | D:2      | Found a radiant altar of Vehumet.
   846 | D:2      | Reached XP level 3. HP: 21/24 MP: 2/6
   964 | D:2      | Found a runed translucent door.
   965 | D:2      | Noticed Crazy Yiuf
   974 | D:2      | Killed Crazy Yiuf
   975 | D:2      | Reached skill level 5 in Ice Magic
   975 | D:2      | Succumbed to Crazy Yiuf's poison

Illustrated notes

Levels and vault maps discovered:
D:1:      dpeg_arrival_rhombus, layout_loops_ring
D:2:      layout_rooms, basic_altar, uniq_crazy_yiuf_cottage

Skill      XL: |  1  2  3 |
---------------+----------+-----
Ice Magic      | 5 |  5.0
Short Blades   | |  0.2
Dodging        | |  2.8
Stealth        | |  2.5
Spellcasting   | |  2.8

Action                     || total
---------------------------++-------
  Melee: Unarmed           ||     2
         Short sword       ||     8
   Cast: Freeze            ||    28
    Use: Potion            ||     2
 Armour: Robe              ||     4
  Dodge: Dodged            ||    14
  Block: Other             ||     1
